 Dungeon Crawl Stone Soup version 0.25-a0-942-g87a53962fc (webtiles) character file.

Game seed: 16120193218105526195, levelgen mode: deterministic

55 Flugslaktarn the Skirmisher (level 3, -3/33 HPs)
             Began as a Minotaur Fighter on May 7, 2020.
             Slain by an adder (4 damage)
             ... on level 2 of the Dungeon.
             The game lasted 00:00:45 (1137 turns).

Flugslaktarn the Skirmisher (Minotaur Fighter)      Turns: 1137, Time: 00:00:46

Health: -3/33      AC:  7    Str: 21    XL:     3   Next: 67%
Magic:  0/2        EV:  7    Int:  5    God:
Gold:   111        SH:  9    Dex:  9    Spells: 2/2 levels left

rFire    . . .     SeeInvis .   a - +0 war axe
rCold    . . .     Gourm    .   c - +0 kite shield
rNeg     . . .     Faith    .   b - +0 scale mail
rPois    .         Spirit   .   (helmet restricted)
rElec    .         Reflect  .   (no cloak)
rCorr    .         Harm     .   (no gloves)
MR       .....                  (no boots)
Stlth    ..........             (no amulet)
HPRegen  0.11/turn              (no ring)
MPRegen  0.08/turn              (no ring)

@: mighty
A: retaliatory headbutt, horns 2
a: no special abilities


You were on level 2 of the Dungeon.
You were not hungry.

You visited 1 branch of the dungeon, and saw 2 of its levels.

You collected 111 gold pieces.

Inventory:

Hand Weapons
 a - a +0 war axe (weapon)
 i - a +1 hand axe of freezing
   (You found it on level 1 of the Dungeon)
Armour
 b - a +0 scale mail (worn)
 c - a +0 kite shield (worn)
Scrolls
 f - a scroll of fog {unknown}
 j - a scroll of remove curse {unknown}
 k - a scroll of immolation {unknown}
 m - a scroll of noise {unknown}
Potions
 d - a potion of might
 h - a potion of haste {unknown}
 l - a potion of magic {unknown}
Comestibles
 e - 5 rations
 g - 5 chunks of flesh


   Skills:
 + Level 4.1 Fighting
 * Level 3.6 Axes
 + Level 4.1 Armour
 + Level 4.1 Shields


You had 2 spell levels left.
You didn't know any spells.
Your spell library was empty.

Dungeon Overview and Level Annotations

Branches:
Dungeon (2/15)

Altars:

Annotations:
D:2 Jessica, Terence


Innate Abilities, Weirdness & Mutations

You reflexively headbutt those who attack you in melee.
You have a pair of horns on your head.


Message History

Press: ? - help, v - describe, . - travel
Here: Terence, wielding a +1 antimagic trident and wearing a +0 chain mail of poison resistance The floor.
Unknown command.
You feel very mighty all of a sudden. You block Terence's attack.
The adder bites you but does no damage.
Unknown command.
You slash Terence!
Terence is heavily wounded.
You slash the adder! You barely miss Jessica.
The adder bites you but does no damage. You block Terence's attack.
Jessica hits you but does no damage. The adder bites you but does no damage.
Terence hits you with a +1 antimagic trident.
* * * LOW HITPOINT WARNING * * *
You hit Terence but do no damage.
Terence is heavily wounded.
You miss the adder. You barely miss Jessica. Jessica hits you.
* * * LOW HITPOINT WARNING * * *
The adder bites you.
You die...

#.. .... #.
#.# #..# #
#.# #..
#..#. #...
#..
##..#.#.#..
#.#
.........#
#..
#..#....$.
#..
#..S...#.#
#.#
#.@@K......#
#..
#@######.#.#
#.. #.## ...
#.# #..# #.#
#.. ##.# #.#
#.. #.# #.#
#.# #.# #.#
#.. #.# #.#
#.. #.# #.#
#.#


You could see Terence, an adder, Jessica and a kobold.

Vanquished Creatures
  An adder (D:2)
  A dart slug (D:1)
  A leopard gecko (D:2)
  4 goblins (D:1)
  9 hobgoblins
  5 jackals
  2 bats (D:1)
  5 frilled lizards
  6 kobolds
  6 rats
40 creatures vanquished.

Notes
Turn   | Place    | Note
-------+----------+-------------------------------------------
     0 | D:1      | Flugslaktarn the Minotaur Fighter began the quest for the
                  | Orb.
     0 | D:1      | Reached XP level 1. HP: 19/19 MP: 0/0
    11 | D:1      | Noticed a minotaur skeleton
    15 | D:1      | Noticed a minotaur skeleton
    17 | D:1      | Noticed a merfolk zombie
   201 | D:1      | Reached XP level 2. HP: 27/27 MP: 1/1
   531 | D:1      | Reached XP level 3. HP: 33/33 MP: 2/2
  1105 | D:2      | Noticed Jessica
  1128 | D:2      | Noticed Terence
  1137 | D:2      | HP: 1/33 [Jessica (3)]
  1137 | D:2      | Slain by an adder

Levels and vault maps discovered:
D:1:      shiori_arrival_whats_in_store_for_you, layout_loops_ring
D:2:      layout_loops_ring, okawaru_altar_gauntlet_db, columned_hall_lemuel,
          uniq_jessica, uniq_terence, uniq_sigmund

Skill      XL: |  1  2  3 |
---------------+----------+-----
Axes           | 3 |  3.6
Shields        | 4 |  4.1
Armour         | 4 |  4.1
Fighting       | 4 |  4.1

Action                   || total
-------------------------++-------
Melee: War axe           ||    93
       Headbutt          ||    10
  Use: Potion            ||     1
  Eat: Chunk             ||     1
Armor: Scale mail        ||    36
Dodge: Dodged            ||    29
Block: Kite shield       ||    53

Table legend:
 A = Non-vault XP
 B = Vault XP
 C = Vault XP percentage of total XP
 D = Non-vault monster count
 E = Vault monster count
 F = Vault count percentage of total count
                 A         B        C        D         E       F
            +---------+---------+-------+---------+---------+-------
      Total |      79 |       0 |   0.0 |      40 |       0 |   0.0
            +---------+---------+-------+---------+---------+-------
        D:1 |      50 |       0 |   0.0 |      30 |       0 |   0.0
        D:2 |      29 |       0 |   0.0 |      10 |       0 |   0.0
            +---------+---------+-------+---------+---------+-------
